 Dungeon Sprint DCSS version 0.31-a0-960-g0fca184906 (webtiles) character file.

Game seed: 9089002214308086983

651 sircluck the Grappler (level 7, -4/80 HPs)
             Began as a Troll Berserker on Oct 23, 2023.
             Was a High Priest of Trog.
             Slain by an orange demon (11 damage)
             ... summoned by a kobold demonologist
             ... in the Dungeon (Sprint VII: "The Pits").
             The game lasted 00:00:57 (291 turns).

sircluck the Grappler (Troll Berserker)              Turns: 291, Time: 00:00:58

Health: -4/80      AC:  4    Str: 28    XL:     7   Next: 28%
Magic:  6/6        EV: 12    Int:  3    God:    Trog [*****.]
Gold:   0          SH:  0    Dex:  9    Spells: 6/6 levels left

rFire   . .          .
                       - Unarmed
rCold   . . .        (no shield)
rNeg    . . .        a - +0 animal skin
rPois   .            (helmet restricted)
rElec   .            (no cloak)
rCorr   .            (gloves unavailable)
SInv    .            (boots unavailable)
Will    .....        (no amulet)
Stlth   +            (no ring)
HPRegen 1.13/turn    (no ring)
MPRegen 0.10/turn

%: no teleportation
@: weakened, spiked
A: large, unfitting armour, claws 3, regeneration 1, shaggy fur 1, tough skin 1
a: Renounce Religion, Berserk, Trog's Hand, Brothers in Arms


You were in the Dungeon.
You worshipped Trog.
Trog was extremely pleased with you.
You visited 1 branch

Inventory:

Armour
 a - a +0 animal skin (worn)
Scrolls
 g - a scroll of blinking
 i - 2 scrolls of vulnerability
 j - a scroll of butterflies
Potions
 b - 6 potions of curing
 c - 6 potions of heal wounds
 d - a potion of haste
 e - 4 potions of magic
 f - 3 potions of berserk rage
 h - 2 potions of invisibility


   Skills:
 + Level 8.2 Fighting
 + Level 8.1 Dodging
 + Level 9.7 Unarmed Combat


You had 6 spell levels left.
You didn't know any spells.
Your spell library was empty.

Dungeon Overview and Level Annotations

Branches:
Dungeon (1/1)

Altars:
Ashenzari
Cheibriados
Dithmenos
Elyvilon
Fedhas
Gozag
Hepliaklqana
Kikubaaqudgha
Makhleb
Nemelex Xobeh
Okawaru
Qazlal
Ru
Sif Muna
Trog
Uskayaw
Vehumet
Wu Jian
Xom
Yredelemnul
Zin
The Shining One
Jiyva
Lugonu


Innate Abilities, Weirdness & Mutations

You are too large for most types of armour.
You have claws for hands.
Your natural rate of healing is unusually fast.
You are covered in fur. (AC +1)
You have tough skin. (AC +1)


Message History

You start resting.
HP restored.
You open the door.
A kobold demonologist comes into view. It is wielding a +0 dagger.
You closely miss the kobold demonologist.
The kobold demonologist barely misses you.
You barely miss the kobold demonologist.
The kobold demonologist casts a spell.
You scratch the kobold demonologist.
The kobold demonologist is lightly wounded.
The kobold demonologist casts a spell.
You closely miss the kobold demonologist.
The kobold demonologist is lightly wounded.
The red devil barely misses you.
The kobold demonologist hits you with a +0 dagger.
You barely miss the kobold demonologist.
The kobold demonologist is lightly wounded.
The orange demon stings you! The orange demon closely misses you.
The red devil hits you from afar with a +0 trident!
Barbed spikes become lodged in your body.
You mangle the kobold demonologist!!
The kobold demonologist is severely wounded.
The kobold demonologist hits you with a +0 dagger.
The orange demon stings you. The orange demon closely misses you.
The red devil hits you from afar with a +0 trident!
Barbed spikes become lodged in your body.
You closely miss the kobold demonologist.
The kobold demonologist is severely wounded.
The kobold demonologist hits you with a +0 dagger.
The orange demon stings you. The orange demon hits you.
You feel your attacks grow feeble.
The red devil hits you from afar with a +0 trident!!
* * * LOW HITPOINT WARNING * * *
Barbed spikes become lodged in your body.
You claw the kobold demonologist!
The kobold demonologist is almost dead.
The kobold demonologist hits you with a +0 dagger.
* * * LOW HITPOINT WARNING * * *
The orange demon stings you!
You die...

#.#...)))[.##.......#
#'###########.......#
#.......# #########
#..#.#..# #.##.##.#
#)))....#+#
#.##.##.#4+
#..#.#..#K#
#.......4@#
###########


You could see an orange demon (summoned), a kobold demonologist and a red devil
(summoned).

Vanquished Creatures
  A glass eye (D)
  An orc warrior (D)
  A gnoll bouda (D)
  An orc priest (D)
  An iron imp (D)
  An orc wizard (D)
  6 gnolls (D)
  An adder zombie (D)
  4 orcs (D)
  A ball python (D)
  A bat skeleton (D)
  An endoplasm (D)
  A giant cockroach (D)
  A hobgoblin (D)
  A kobold (D)
  A quokka (D)
  A frilled lizard (D)
25 creatures vanquished.

Vanquished Creatures (collateral kills)
  An orc warrior (D)
  A kobold brigand (D)
  An orc (D)
3 creatures vanquished.

Vanquished Creatures (others)
  An orc wizard (D)
1 creature vanquished.

Grand Total: 29 creatures vanquished

Notes
Turn   | Place    | Note
-------+----------+-------------------------------------------
     0 | D        | sircluck the Troll Berserker began the quest for the Orb.
     0 | D        | Reached XP level 1. HP: 22/22 MP: 0/0
    22 | D        | Found a bloodstained altar of Trog.
    22 | D        | Found a shimmering blue altar of Sif Muna.
    22 | D        | Found a viscous altar of Jiyva.
    22 | D        | Found a hazy altar of Hepliaklqana.
    22 | D        | Found an opulent altar of Gozag.
    23 | D        | Found a glowing golden altar of the Shining One.
    23 | D        | Found a glowing silver altar of Zin.
    23 | D        | Found a basalt altar of Yredelemnul.
    23 | D        | Found a shimmering altar of Xom.
    23 | D        | Found an ornate altar of the Wu Jian Council.
    23 | D        | Found a sacrificial altar of Ru.
    23 | D        | Found a stormy altar of Qazlal.
    23 | D        | Found an iron altar of Okawaru.
    23 | D        | Found a sparkling altar of Nemelex Xobeh.
    23 | D        | Found a burning altar of Makhleb.
    23 | D        | Found a blossoming altar of Fedhas.
    23 | D        | Found a white marble altar of Elyvilon.
    23 | D        | Found a shadowy altar of Dithmenos.
    23 | D        | Found a snail-covered altar of Cheibriados.
    25 | D        | Found a radiant altar of Vehumet.
    25 | D        | Found a corrupted altar of Lugonu.
    26 | D        | Found a hide-covered altar of Uskayaw.
    26 | D        | Found an ancient bone altar of Kikubaaqudgha.
    26 | D        | Found a broken altar of Ashenzari.
    68 | D        | Reached skill level 4 in Unarmed Combat
    68 | D        | Reached XP level 2. HP: 14/31 MP: 1/1
    87 | D        | Reached ** piety under Trog
    95 | D        | Noticed a glass eye
   101 | D        | Reached *** piety under Trog
   102 | D        | Reached XP level 3. HP: 39/39 MP: 2/2
   115 | D        | Killed a glass eye
   116 | D        | Reached skill level 7 in Unarmed Combat
   116 | D        | Reached XP level 4. HP: 52/52 MP: 3/3
   116 | D        | Reached XP level 5. HP: 59/59 MP: 4/4
   121 | D        | Reached **** piety under Trog
   124 | D        | Reached XP level 6. HP: 38/68 MP: 5/5
   203 | D        | Reached ***** piety under Trog
   211 | D        | Reached skill level 8 in Unarmed Combat
   211 | D        | Noticed an orc warrior
   230 | D        | Killed an orc warrior
   234 | D        | Reached skill level 9 in Unarmed Combat
   234 | D        | Reached XP level 7. HP: 32/79 MP: 6/6
   257 | D        | Identified the +7 bardiche "Xyell" {antimagic, rC++} (Trog
                  | gifted it to you in the Dungeon)
   257 | D        | Received a gift from Trog
   283 | D        | Noticed a kobold demonologist
   286 | D        | Noticed a red devil
   287 | D        | Noticed an orange demon
   291 | D        | Slain by an orange demon

Illustrated notes

Levels and vault maps discovered:
D:        pitsprint [storerooms_1, entrance_room_1, metal_vault_6, armoury_1,
          mini_pit_1, grid_room_1, main_hall_1, silver_pit, the_coven_1,
          the_vestibule_1, steel_vault_1, golden_pit, hallway_of_sentries,
          crystal_vault_5, iron_vault_4, final_vault]

Skill      XL: |  1  2  3  4  5  6  7 |
---------------+----------------------+-----
Fighting       | 3 6 7 8 |  8.2
Dodging        | 3 6 7 8 |  8.1
Unarmed Combat | 4 7 9 |  9.7

Action                     |  1- 3 |  4- 6 |  7- 9 || total
---------------------------+-------+-------+-------++-------
  Melee: Unarmed           |    35 |    24 |    24 ||    83
 Invoke: Brothers in Arms  |       |     1 |       ||     1
 Armour: Animal skin       |    10 |    18 |    18 ||    46
  Dodge: Dodged            |     8 |     5 |     6 ||    19

Table legend: (Time is in decaauts)
 A = Elapsed time spent in this place.
 B = Non-inter-level travel time spent in this place.
 C = Inter-level travel time spent in this place.
 D = Time resting spent in this place.
 E = Time spent auto-exploring this place.
 F = Levels seen in this place.
 G = Mean time per level.
                   A        B        C        D        E       F      G
               +--------+--------+--------+--------+--------+-----+--------+
         Total |    280 |    280 |      0 |     24 |     84 |   1 |  280.0 |
       Dungeon |    280 |    280 |      0 |     24 |     84 |   1 |  280.0 |
               +--------+--------+--------+--------+--------+-----+--------+

Top non-repeatable levels by time:
       D: 280 daAuts
